 Dungeon Crawl Stone Soup version 0.19.0-11-g3fc08b3 (console) character file.

3718 Kloppie the Fighter (level 9, 0/117 HPs)
             Began as a Demonspawn Berserker on Nov 8, 2016.
             Was an Elder of Trog.
             Slain by Grum
             ... wielding a +0 glaive
              (17 damage)
             ... on level 8 of the Dungeon.
             The game lasted 00:09:12 (7087 turns).

Kloppie the Fighter (Demonspawn Berserker)          Turns: 7087, Time: 00:09:12

Health: 0/117      AC:  8    Str: 22    XL:     9   Next: 92%
Magic:  0/9        EV: 13    Int:  8    God:    Trog [****..]
Gold:   434        SH:  0    Dex: 17    Spells: 0 memorised, 8 levels left

rFire  . . .     SeeInvis .     a - +2 flail (crush)
rCold  . . .     Gourm    .     e - +0 scale mail
rNeg   . . .     Faith    .     (no shield)
rPois  .         Spirit   +     (no helmet)
rElec  .         Reflect  .     (no cloak)
rCorr  .         Harm     +     (no gloves)
MR     .....                    r - +0 pair of boots
Stlth  ..........               B - amulet of harm
                                (no ring)
                                E - ring of flight

@: berserking, very quick
A: claws 1, repulsion field 1, foul stench 1, magic shield, rot immunity
a: Berserk, Trog's Hand, Brothers in Arms, Burn Spellbooks, Renounce Religion,
Evoke Flight


You were on level 8 of the Dungeon.
You worshipped Trog.
Trog was greatly pleased with you.
You were very hungry.

You visited 1 branch of the dungeon, and saw 8 of its levels.

You collected 434 gold pieces.

Inventory:

Hand Weapons
 a - a +2 flail of crushing (weapon)
 y - a +0 mace
Armour
 e - a +0 scale mail (worn)
 j - a +0 plate armour
 r - a +0 pair of boots (worn)
Jewellery
 k - an uncursed ring of poison resistance
 B - an amulet of harm (around neck)
 D - an uncursed amulet of guardian spirit {unknown}
 E - a ring of flight (left claw)
Wands
 d - a wand of iceblast (4/15)
 p - a wand of heal wounds (6/9)
 q - a wand of slowing (30/48)
Scrolls
 f - a scroll of teleportation
 h - 3 scrolls of fear
 o - 4 scrolls of recharging
 C - a scroll of identify
Potions
 b - 3 potions of curing
 i - a potion of cancellation
 l - 2 potions of haste
 m - a potion of heal wounds
 s - a potion of brilliance
 t - a potion of lignification
 v - a potion of might {unknown}
 w - a potion of degeneration {unknown}
 z - 2 potions of agility {unknown}
Comestibles
 c - 4 bread rations
 g - 2 beef jerkies
 n - 5 fruits
 u - 11 chunks of flesh
 x - a royal jelly
 A - 3 meat rations


   Skills:
 - Level 10.1 Fighting
 + Level 9.6 Maces & Flails
 + Level 3.2 Armour
 - Level 1.7 Dodging


You had 8 spell levels left.
You didn't know any spells.

Dungeon Overview and Level Annotations

Branches:
Dungeon (8/15)             Temple (0/1) D:4
   Lair: D:8-11

Altars:
Fedhas
Hepliaklqana
Makhleb
Ru
Sif Muna
Zin

Shops:
D:6 (

Annotations:
D:8 Grum


Innate Abilities, Weirdness & Mutations

You have sharp fingernails.
You are surrounded by a mild repulsion field. (EV +2)
You may emit foul miasma when damaged in melee.
When hurt, damage is shared between your health and your magic reserves.
You are immune to rotting.


Message History

You thump the wolf!
The wolf is severely wounded.
The wolf bites you but does no damage. The wolf closely misses you.
You sock the wolf!
You kill the wolf!
Trog accepts your kill. The wolf bites you.
* * * LOW HITPOINT WARNING * * *
Grum hits you from afar with a glaive!!
* * * LOW HITPOINT WARNING * * *
You miss the wolf.
The wolf is almost dead.
The wolf bites you.
* * * LOW HITPOINT WARNING * * *
You bludgeon the wolf!!
You kill the wolf!
Trog accepts your kill. Grum barely misses you.
You closely miss Grum. Grum hits you with a glaive!
You die...

#.# # #.### .
...>. .# #. #[#...
#.# #.##.#..# #
#.# #.##.#..###.#
#.# ##$##..g...%.#
#.# #......@†..#
#.# #..####.##.#
#.## ##..####.#
...# #......$.#
...# #...#######
#.?# #..........
##.## #..########
#...###.#.........
........#..#######


You could see Grum.

Vanquished Creatures
  Pikel (D:8)
  The ghost of tailblues the Charmwright, an amateur DgSk (D:4)
  2 hippogriffs
  Sigmund (D:2)
  Eustachio (D:6)
  Menkaure (D:5)
  An orc warrior (D:6)
  A black bear (D:7)
  2 ice beasts
  3 ogres
  A slave (D:8)
  A centaur (D:5)
  2 wolves (D:8)
  A crocodile (D:7)
  4 bullfrogs
  A howler monkey (D:6)
  2 crimson imps (D:5)
  A bullfrog zombie (D:7)
  A hound (D:5)
  11 orc wizards
  4 orc priests
  3 bullfrog skeletons
  Natasha (thrice) (D:2)
  Terence (D:2)
  4 worker ants
  A hound skeleton (D:8)
  9 adders
  3 gnolls (D:4)
  An ooze (D:4)
  2 adder skeletons
  2 worms
  4 dart slugs
  4 leopard geckos
  28 orcs
  3 giant cockroaches
  A goblin (D:2)
  7 hobgoblins
  13 jackals
  3 quokkas
  A ball python (D:2)
  8 bats
  2 frilled lizards
  2 kobolds
  11 rats
159 creatures vanquished.

Vanquished Creatures (others)
  An iguana (D:8)
  A hound skeleton (D:8)
2 creatures vanquished.

Grand Total: 161 creatures vanquished

Notes
Turn   | Place    | Note
-------+----------+-------------------------------------------
     0 | D:1      | Kloppie the Demonspawn Berserker began the quest for the Orb.
     0 | D:1      | Reached XP level 1. HP: 18/18 MP: 1/1
   251 | D:1      | Gained mutation: You are immune to rotting. [demonic ancestry]
   251 | D:1      | Reached XP level 2. HP: 17/24 MP: 2/2
   709 | D:2      | Noticed Natasha
   726 | D:2      | Killed Natasha
   726 | D:2      | Gained mutation: When hurt, damage is shared between your health and your magic reserves. [demonic ancestry]
   726 | D:2      | Reached XP level 3. HP: 26/30 MP: 3/3
   804 | D:2      | Reached skill level 4 in Fighting
   827 | D:2      | Noticed Natasha
   944 | D:2      | Killed Natasha
   944 | D:2      | Reached XP level 4. HP: 18/37 MP: 0/4
  1185 | D:2      | Noticed Natasha
  1200 | D:2      | Killed Natasha
  1236 | D:2      | Noticed Terence
  1250 | D:2      | Killed Terence
  1250 | D:2      | Reached XP level 5. HP: 43/43 MP: 5/5
  1288 | D:2      | Noticed Sigmund
  1301 | D:2      | Killed Sigmund
  1301 | D:2      | Reached skill level 5 in Fighting
  1301 | D:2      | Gained mutation: You are surrounded by a mild repulsion field. (EV +2) [demonic ancestry]
  1301 | D:2      | Reached XP level 6. HP: 46/51 MP: 3/6
  1315 | D:2      | Found a glowing silver altar of Zin.
  1316 | D:2      | Found a burning altar of Makhleb.
  1333 | D:2      | Found a hazy altar of Hepliaklqana.
  1425 | D:2      | Reached ** piety under Trog
  2015 | D:3      | Reached skill level 5 in Maces & Flails
  2754 | D:4      | Noticed a hippogriff
  2763 | D:4      | Killed a hippogriff
  2763 | D:4      | Reached skill level 6 in Fighting
  2763 | D:4      | Gained mutation: You may emit foul miasma when damaged in melee. [demonic ancestry]
  2763 | D:4      | Reached XP level 7. HP: 58/58 MP: 5/7
  2842 | D:4      | Noticed tailblues's ghost (amateur DgSk)
  2887 | D:4      | Killed tailblues's ghost
  3256 | D:4      | Found a blossoming altar of Fedhas.
  3371 | D:4      | Reached skill level 7 in Fighting
  3456 | D:4      | Reached *** piety under Trog
  3750 | D:4      | Found a staircase to the Ecumenical Temple.
  3991 | D:4      | Reached XP level 8. HP: 55/67 MP: 8/8
  4055 | D:5      | Entered Level 5 of the Dungeon
  4084 | D:5      | Noticed Menkaure
  4093 | D:5      | Killed Menkaure
  4410 | D:5      | Found a sacrificial altar of Ru.
  4412 | D:5      | Found a deep blue altar of Sif Muna.
  4466 | D:5      | Reached skill level 8 in Fighting
  5296 | D:6      | Reached skill level 9 in Fighting
  5296 | D:6      | Gained mutation: You have sharp fingernails. [demonic ancestry]
  5296 | D:6      | Reached XP level 9. HP: 76/76 MP: 9/9
  5328 | D:6      | Found Yvamaw's Antique Weapon Boutique.
  5349 | D:6      | Noticed Eustachio
  5523 | D:6      | Killed Eustachio
  5523 | D:6      | Reached **** piety under Trog
  5820 | D:7      | Found a blossoming altar of Fedhas.
  6624 | D:8      | Noticed Pikel
  6641 | D:8      | Killed Pikel
  6641 | D:8      | Reached skill level 10 in Fighting
  7075 | D:8      | Noticed Grum
  7087 | D:8      | Slain by Grum

Skill      XL: |  1  2  3  4  5  6  7  8  9 |
---------------+----------------------------+-----
Maces & Flails | 3 4 5 6 8 9 |  9.6
Fighting       | 4 5 6 7 9 10 | 10.1
Armour         | 3 |  3.2
Dodging        | |  1.7

Action                   |  1- 3 |  4- 6 |  7- 9 || total
-------------------------+-------+-------+-------++-------
Melee: Mace              |    66 |   163 |    68 ||   297
       Flail             |       |       |   273 ||   273
Invok: Berserk           |     3 |     3 |    11 ||    17
       Trog's Hand       |       |       |     1 ||     1
  Use: Scroll            |       |       |    17 ||    17
  Eat: Chunk             |     1 |     4 |    25 ||    30
       Meat ration       |       |     1 |       ||     1
Armor: Scale mail        |    19 |    56 |   101 ||   176
Dodge: Dodged            |    39 |   125 |   228 ||   392
